 Seeded DCSS version 0.30.1 (webtiles) character file.

Game seed: 7552975938008733739 (custom seed)

194 CInkIbrahim the Chopper (level 5, -4/32 HPs)
             Began as a Gargoyle Berserker on July 12, 2023.
             Was a Believer of Trog.
             Shot with an arrow by a centaur (6 damage)
             ... on level 5 of the Dungeon.
             The game lasted 00:03:06 (1447 turns).

CInkIbrahim the Chopper (Gargoyle Berserker)        Turns: 1447, Time: 00:03:07

Health: -4/32      AC:  7    Str: 23    XL:     5   Next: 73%
Magic:  5/5        EV: 11    Int:  7    God:    Trog [**....]
Gold:   146        SH:  0    Dex:  9    Spells: 4/4 levels left

rFire   . . .        a - +0 hand axe
rCold   . . .        (no shield)
rNeg    + . .        e - +0 animal skin
rPois   ∞            (no helmet)
rElec   +            (no cloak)
rCorr   .            i - +0 pair of gloves
SInv    .            (no boots)
Will    ++...        (no amulet)
Stlth   +            (no ring)
HPRegen 1.25/turn    (no ring)
MPRegen 0.09/turn

%: no passive effects
@: strong-willed, on berserk cooldown, regenerating, slowed, very slow
A: sickness immunity, AC +4, negative energy resistance 1, electricity
resistance, torment resistance 1, petrification resistance
a: Renounce Religion, Berserk, Trog's Hand


You were on level 5 of the Dungeon.
You worshipped Trog.
Trog was pleased with you.
You visited 1 branch of the dungeon, and saw 4 of its levels.

You collected 146 gold pieces.

Inventory:

Hand Weapons
 a - a +0 hand axe (weapon)
 b - a +2 dagger of venom
Armour
 e - a +0 animal skin (worn)
 i - a +0 pair of gloves (worn)
Scrolls
 g - 2 scrolls of noise
 h - a scroll of magic mapping
 m - a scroll of poison
Potions
 c - 2 potions of curing {unknown}
 d - a potion of brilliance
 f - a potion of attraction {unknown}
 j - a potion of ambrosia
 k - a potion of cancellation
 l - a potion of mutation {unknown}


   Skills:
 - Level 3.2 Fighting
 + Level 5.7 Axes
 - Level 2.1 Armour
 - Level 1.5 Dodging


You had 4 spell levels left.
You didn't know any spells.
Your spell library was empty.

Dungeon Overview and Level Annotations

Branches:
Dungeon (3/15)

Altars:

Shops:
D:1 [


Innate Abilities, Weirdness & Mutations

You are immune to sickness and miasma.
Your stone body is resilient. (AC +4)
You are immune to poison.
You resist negative energy. (rN+)
You are resistant to electric shocks. (rElec)
You are resistant to unholy torment.
You are immune to petrification.


Message History

An orc comes into view. It is wielding a +0 mace.
You closely miss the orc. You closely miss something. You hit the orc.
Something hits you but does no damage. The orc barely misses you.
The orc hits you but does no damage. Something hits you.
You hit the orc but do no damage. You miss something. x2
The orc barely misses you. Something hits you but does no damage.
You hit the orc.
The orc is severely wounded.
You closely miss something. You hit the orc.
You kill the orc!
Trog accepts your kill.
You barely miss something. Something hits you but does no damage.
You hear some strange, mumbled words.
Something tries to affect you, but you resist.
The orc hits you with a +0 hand axe.
A centaur comes into view.
The orc misses you. Something hits you.
You hear some strange, mumbled words.
Something tries to affect you, but you resist.
The centaur shouts!
You closely miss the orc.
The orc is severely wounded.
You barely miss something. You hit the orc. You closely miss something.
Something hits you but does no damage. x2; The orc hits you but does no damage.
The orc hits you with a +0 mace.
Your skin crawls.
You feel strong-willed.
The centaur wields a +0 shortbow.
The centaur shoots an arrow.
The orc hits you with a +0 mace. Something hits you.
Something hits you but does no damage. The orc closely misses you.
The orc hits you with a +0 mace.
* * * LOW HITPOINT WARNING * * *
The orc hits you but does no damage. Something hits you.
* * * LOW HITPOINT WARNING * * *
Something hits you but does no damage. Something hits you but does no damage.
The orc attacks as you move away! The orc hits you with a +0 mace.
* * * LOW HITPOINT WARNING * * *
The centaur shoots an arrow. x2; The arrow hits you.
You die...

####### #.....#
#### #####.###.#
##...## #.....#
#.###.....#
#.###.###...@{o...#
#.# #.....###.{c..#
####.# #######
##o..## #....# #.##
#.#### .# #.# # #.#
#.# #.#


You could see a centaur and 2 orcs.

Vanquished Creatures
  An ogre (D:3)
  Jessica (D:2)
  Terence (D:2)
  An adder (D:2)
  A dart slug (D:2)
  An orc (D:5)
  4 ball pythons
  4 endoplasms
  3 giant cockroaches
  5 goblins
  3 hobgoblins
  3 jackals (D:1)
  4 kobolds
  6 quokkas
  5 bats
  A frilled lizard (D:1)
  2 rats (D:1)
46 creatures vanquished.

Notes
Turn   | Place    | Note
-------+----------+-------------------------------------------
     0 | D:1      | CInkIbrahim the Gargoyle Berserker began the quest for the
                  | Orb.
     0 | D:1      | Reached XP level 1. HP: 14/14 MP: 1/1
    81 | D:1      | Reached skill level 3 in Axes
   133 | D:1      | Found Jottudgh's Armour Shop.
   184 | D:1      | Reached XP level 2. HP: 18/19 MP: 2/2
   444 | D:1      | Reached XP level 3. HP: 23/23 MP: 3/3
   484 | D:1      | Reached ** piety under Trog
   620 | D:1      | Reached skill level 4 in Axes
   958 | D:2      | Noticed Terence
   968 | D:2      | Killed Terence
   969 | D:2      | Reached XP level 4. HP: 17/28 MP: 4/4
  1197 | D:2      | Noticed Jessica
  1215 | D:2      | Killed Jessica
  1216 | D:2      | Reached skill level 5 in Axes
  1395 | D:3      | Noticed an ogre
  1400 | D:3      | Killed an ogre
  1401 | D:3      | Reached XP level 5. HP: 32/32 MP: 5/5
  1403 | D:3      | You fall into a shaft and drop 2 floors!
  1403 | D:5      | Entered Level 5 of the Dungeon
  1444 | D:5      | Noticed a centaur
  1447 | D:5      | HP: 1/32 [orc/+0 mace (3)]
  1447 | D:5      | Shot with an arrow by a centaur

Illustrated notes

Levels and vault maps discovered:
D:1:      dpeg_arrival_chambers_temple_mockup, layout_rooms, serial_shops, shop
D:2:      layout_rooms, kennysheep_jessica_study, uniq_jessica, uniq_terence
D:3:      layout_basic, nicolae_ashenzari_skybound,
          mainiacjoe_overflow_surrounded_room, serial_rivers,
          chequers_serial_rivers_micro_d, chequers_serial_rivers_micro_d,
          chequers_serial_rivers_micro_a, chequers_serial_rivers_small_a,
          ebering_ecumenical_altar_webs, uniq_robin
D:5:      layout_loops_ring, mainiacjoe_overflow_alcove_1,
          grunt_dithmenos_smoke_and_mirrors, fedhas_bush_and_centaur_altar,
          kennysheep_mini, gammafunk_ghost_split, uniq_pikel, uniq_eustachio,
          uniq_edmund

Skill      XL: |  1  2  3  4 |
---------------+-------------+-----
Axes           | 3 4 5 |  5.7
Fighting       | |  3.2
Armour         | |  2.1
Dodging        | |  1.5

Action                     |  1- 3 |  4- 6 || total
---------------------------+-------+-------++-------
  Melee: Hand axe          |   131 |    49 ||   180
         Dagger            |     5 |       ||     5
         Punch             |       |     2 ||     2
 Invoke: Berserk           |     1 |     3 ||     4
         Trog's Hand       |       |     1 ||     1
    Use: Scroll            |     3 |     5 ||     8
 Armour: Animal skin       |    52 |    30 ||    82
  Dodge: Dodged            |    95 |    34 ||   129
